 Dungeon Crawl Stone Soup version 0.27.1-2-g3b301248ec (webtiles) character file.

Game seed: 9777698791238252292

25419 bnorton916 the Devastator (level 12, -2/59 HPs)
             Began as a Deep Elf Conjurer on Sept 22, 2021.
             Was a Follower of Vehumet.
             Slain by a blink frog (15 damage)
             ... on level 3 of the Lair of Beasts.
             The game lasted 00:39:06 (23359 turns).

bnorton916 the Devastator (Deep Elf Conjurer)      Turns: 23359, Time: 00:39:07

Health: -2/59      AC:  8    Str:  5    XL:     12   Next: 89%
Magic:  25/38      EV: 11    Int: 31    God:    Vehumet [*.....]
Gold:   284        SH:  5    Dex: 13    Spells: 13/34 levels left

rFire    + + .     SeeInvis .   m - +0 bardiche (vorpal)
rCold    . . .     Faith    .   (shield currently unavailable)
rNeg     . . .     Spirit   .   E - +0 leather armour
rPois    .         Reflect  +   I - +2 helmet {Int+3}
rElec    .         Harm     .   j - scarf {repulsion}
rCorr    .         Rampage  .   (no gloves)
Will     +....                  B - +1 pair of boots
Stlth    ++........             d - amulet of reflection
HPRegen  0.19/turn              y - ring "Amaat" {Wiz rF++}
MPRegen  0.26/turn              H - ring of magical power

@: repel missiles
A: no striking features
a: Renounce Religion


You were on level 3 of the Lair of Beasts.
You worshipped Vehumet.
Vehumet was aware of your devotion.
You visited 3 branches of the dungeon, and saw 15 of its levels.
You also visited: Ossuary.

You collected 1027 gold pieces.
You spent 743 gold pieces at shops.

Inventory:

Hand Weapons
 e - a +1 short sword of draining
 m - a +0 vorpal bardiche (weapon)
 C - a +0 short sword of speed
 K - a +4 long sword
 M - a +3 vorpal long sword
Missiles
 s - 4 throwing nets
Armour
 j - a scarf of repulsion (worn)
 B - a +1 pair of boots (worn)
 E - a +0 leather armour (worn)
 I - a +2 helmet of intelligence (worn)
 O - a +0 cloak
Magical Staves
 N - a staff of cold
Jewellery
 d - an amulet of reflection (around neck)
 g - a ring of fire
 y - the ring "Amaat" (left hand) {Wiz rF++}
   (You found it on level 7 of the Dungeon)

   [ring of wizardry]

   It improves your spell success rate.
   rF:        It greatly protects you from fire.
 H - a ring of magical power (right hand)
 L - a ring of flight
Wands
 a - a wand of acid (6)
 n - a wand of iceblast (4)
 F - a wand of flame (29)
 J - a wand of digging (4)
Scrolls
 c - 7 scrolls of fog
 h - a scroll of noise
 k - 2 scrolls of blinking
 o - 2 scrolls of teleportation
 v - 2 scrolls of enchant weapon
 w - 4 scrolls of enchant armour
 x - a scroll of fear
 G - a scroll of amnesia
Potions
 b - 3 potions of might
 f - 6 potions of haste
 i - 2 potions of brilliance
 l - 3 potions of attraction
 p - 7 potions of heal wounds
 q - a potion of ambrosia
 r - 4 potions of magic
 t - 6 potions of curing
 u - 3 potions of mutation {unknown}
 z - 3 potions of lignification {unknown}
 A - 2 potions of berserk rage {unknown}
 D - 2 potions of invisibility {unknown}


   Skills:
 - Level 4.0 Armour
 - Level 2.4 Dodging
 - Level 2.4 Stealth
 + Level 11.9 Spellcasting
 - Level 18.0 Conjurations
 - Level 7.1 Hexes
 - Level 4.0 Summonings
 - Level 5.8 Translocations
 - Level 1.9 Fire Magic


You had 13 spell levels left.
You knew the following spells:

 Your Spells              Type           Power      Damage    Failure   Level
a - Magic Dart            Conj           100%       1d8       0%          1
b - Searing Ray           Conj           100%       3d7       0%          2
c - Fulminant Prism       Conj/Hex       38%        3d18      1%          4
d - Iskenderun's Mystic   Conj/Tloc      75%        2d15      1%          4
e - Orb of Destruction    Conj           46%        9d15      1%          7
f - Call Canine Familiar  Summ           43%        N/A       1%          3

Your spell library contained the following spells:

 Spells                   Type           Power      Damage    Failure   Level
 Sandblast                Erth           36%        2d10      1%          1
 Foxfire                  Conj/Fire      100%       2x1d9     1%          1
 Summon Small Mammal      Summ           100%       N/A       1%          1
 Static Discharge         Conj/Air       65%        N/A       1%          2
 Conjure Flame            Conj/Fire      69%        6-21      1%          3
 Dazzling Flash           Conj/Hex       100%       N/A       1%          3
 Gell's Gravitas          Tloc           26%        N/A       1%          3
 Inner Flame              Hex/Fire       46%        N/A       1%          3
 Lesser Beckoning         Tloc           26%        N/A       1%          3
 Summon Guardian Golem    Hex/Summ       52%        N/A       1%          3
 Teleport Other           Tloc           53%        N/A       1%          3
 Sticky Flame             Conj/Fire      69%        2d8       1%          4
 Ozocubu's Armour         Ice            18%        N/A       5%          3
 Metabolic Englaciation   Hex/Ice        20%        N/A       11%         5
 Dispel Undead            Necr           18%        3d11      16%         4
 Spellforged Servitor     Conj/Summ      36%        N/A       16%         7
 Simulacrum               Ice/Necr       9%         N/A       92%         6


Dungeon Overview and Level Annotations

Branches:
Dungeon (11/15)            Temple (1/1) D:4            Lair (3/6) D:10
Ossuary (visited)
  Swamp: Lair:2-4    Shoals: Lair:2-4     Snake: Lair:2-4    Spider: Lair:2-4
    Orc: D:9-12

Altars:
Ashenzari
Cheibriados
Dithmenos
Elyvilon
Fedhas
Gozag
Hepliaklqana
Kikubaaqudgha
Makhleb
Nemelex Xobeh
Okawaru
Qazlal
Ru
Sif Muna
Trog
Uskayaw
Vehumet
Wu Jian
Xom
Yredelemnul
Zin
The Shining One

Shops:
D:3 [?


Message History

Aiming: Fulminant Prism (safe; 1% risk of failure)
Press: ? - help, Dir - move target You conjure a prism of explosive energy!
The blink frog croaks.
A fulminant prism comes into view.
The blink frog blinks!
Casting: Fulminant Prism (safe; 1% risk of failure)
Confirm with . or Enter, or press ? or * to list all spells.
Aiming: Fulminant Prism (safe; 1% risk of failure)
Press: ? - help, Dir - move target You conjure a prism of explosive energy!
A fulminant prism comes into view.
The blink frog blinks!
The blink frog hits you!
The blink frog blinks! x3
Your fulminant prism crackles loudly.
Your fulminant prism moves out of view.
The blink frog hits you!
The blink frog blinks!
You hear an explosion!
The blast of energy engulfs the blink frog!!!
You kill the blink frog!
Vehumet accepts your kill.
You feel your power returning.
You hear a loud crackle.
You hear a howl! x2
The blink frog hits you!
* * * LOW HITPOINT WARNING * * *
The blink frog blinks!
The blink frog completely misses you.
You hear an explosion!
Vehumet accepts your kill.
You feel a bit more experienced.
You hear a howl!
Unknown command.
Unknown command.
Casting: Fulminant Prism (safe; 1% risk of failure)
Confirm with . or Enter, or press ? or * to list all spells.
Aiming: Orb of Destruction (dangerous; 1% risk of failure)
Press: ? - help, Shift-Dir - straight line, f - blink frog
Aim: a blink frog The wavering orb of destruction weakly hits the blink frog!!
The blink frog is almost dead.
The blink frog hits you!
You die...

..... ...... #.... .....
#.... .... #..F .F. #...
.. .. #.F#§ #.# #..#####
#.# #...@#P# #.###
#.F§F..# #... #...##..#
#..#########.#+#####
#####..#P.###..........#
.............'......#...
.#.##...##.###......P.#
#.#.###### #........#
##..# ###..+###.#


You could see 3 blink frogs.

Vanquished Creatures
  Rupert (Lair:2)
  A hydra (Lair:3)
  Erolcha (D:9)
  Harold (D:7)
  2 two-headed ogres
  Urug (D:10)
  4 oklob plants (Lair:1)
  A black mamba (Lair:3)
  5 cane toads
  3 komodo dragons
  A polar bear (Lair:2)
  A troll (D:10)
  A hornet (Lair:1)
  6 blink frogs (Lair:3)
  2 wraiths (D:10)
  52 yaks
  4 wyverns
  A shadow (D:10)
  2 basilisks
  Grum (D:8)
  5 water moccasins
  4 orc warriors
  3 black bears
  A sky beast (D:7)
  2 ogres (D:5)
  2 wolves (D:8)
  A necrophage (D:7)
  6 centaurs
  A phantom (D:4)
  7 bullfrogs
  A gnoll sergeant (D:7)
  A scorpion (D:6)
  A water moccasin zombie (D:6)
  2 water moccasin skeletons
  A wight (D:9)
  5 killer bees (D:7)
  3 electric eels (Lair:1)
  2 howler monkeys
  A bullfrog zombie (D:6)
  6 centaur zombies
  3 jellies
  3 orc priests
  2 gnoll shamans
  A hound (D:7)
  An iguana (D:5)
  2 centaur skeletons
  3 orc wizards
  A scorpion zombie (D:5)
  A killer bee zombie (D:8)
  A hound zombie (D:4)
  8 mummies (Ossuary)
  2 howler monkey zombies (D:9)
  9 gnolls
  12 adders
  A shadow imp (D:5)
  3 white imps
  3 dart slugs
  23 orcs
  10 endoplasms
  5 giant cockroaches
  10 goblins
  4 hobgoblins
  A quokka (D:2)
  3 ball pythons
  10 bats
  2 hobgoblin zombies (Ossuary)
  12 kobolds
  3 kobold zombies (Ossuary)
  3 orc zombies (Ossuary)
  9 rats
297 creatures vanquished.

Vanquished Creatures (collateral kills)
  A cane toad (Lair:3)
1 creature vanquished.

Vanquished Creatures (others)
  57 fulminant prisms
  13 fungi
  64 plants
134 creatures vanquished.

Grand Total: 432 creatures vanquished

Notes
Turn   | Place    | Note
-------+----------+-------------------------------------------
     0 | D:1      | bnorton916 the Deep Elf Conjurer began the quest for the
                  | Orb.
     0 | D:1      | Reached XP level 1. HP: 10/10 MP: 6/6
   235 | D:1      | Found a faded altar of an unknown god.
   311 | D:1      | Reached XP level 2. HP: 15/15 MP: 4/8
   584 | D:1      | Learned a level 2 spell: Searing Ray
  1176 | D:2      | Reached skill level 5 in Conjurations
  1176 | D:2      | Reached XP level 3. HP: 19/19 MP: 5/10
  1379 | D:2      | Noticed a black bear
  1383 | D:2      | Killed a black bear
  1384 | D:2      | Reached skill level 5 in Spellcasting
  1384 | D:2      | Reached XP level 4. HP: 24/24 MP: 7/13
  1384 | D:2      | Reached XP level 5. HP: 28/28 MP: 7/14
  1389 | D:2      | Learned a level 4 spell: Fulminant Prism
  1394 | D:2      | Learned a level 4 spell: Iskenderun's Mystic Blast
  1797 | D:2      | Reached skill level 1 in Hexes
  1934 | D:2      | Reached skill level 1 in Translocations
  2117 | D:3      | Found Peulain's Magic Scroll Shoppe.
  2129 | D:3      | Bought a scroll of fog for 20 gold pieces
  2129 | D:3      | Bought a scroll of noise for 10 gold pieces
  2480 | D:3      | Found Zaheuk's Antique Armour Shoppe.
  3117 | D:4      | Reached XP level 6. HP: 32/32 MP: 13/16
  3432 | D:4      | Found an iron altar of Okawaru.
  3555 | D:4      | Found a staircase to the Ecumenical Temple.
  3899 | D:5      | Entered Level 5 of the Dungeon
  3913 | D:5      | Reached XP level 7. HP: 9/36 MP: 8/17
  4128 | D:5      | Reached skill level 5 in Hexes
  4261 | D:5      | Reached skill level 5 in Translocations
  4578 | D:5      | Found a sand-covered staircase.
  4587 | Ossuary  | Entered an ossuary
  4592 | Ossuary  | Learned a level 3 spell: Conjure Flame
  5650 | Ossuary  | Reached skill level 1 in Fire Magic
  6069 | D:3      | Bought a scroll of fear for 35 gold pieces
  6069 | D:3      | Bought a scroll of blinking for 75 gold pieces
  6069 | D:3      | Bought a scroll of enchant armour for 75 gold pieces
  6069 | D:3      | Bought a scroll of identify for 20 gold pieces
  6069 | D:3      | Bought a scroll of teleportation for 30 gold pieces
  6112 | D:6      | Reached XP level 8. HP: 41/41 MP: 13/18
  6612 | D:6      | Reached skill level 6 in Conjurations
  6719 | D:6      | Reached skill level 1 in Armour
  7210 | D:7      | Reached skill level 7 in Conjurations
  7623 | D:7      | Noticed Harold
  7946 | D:7      | Learned a level 1 spell: Summon Small Mammal
  8179 | D:7      | Reached skill level 1 in Summonings
  8214 | D:7      | Reached XP level 9. HP: 45/45 MP: 12/19
  8234 | D:7      | Identified the ring "Amaat" {Wiz rF++}
  8305 | D:7      | Reached skill level 8 in Conjurations
  8891 | D:8      | Reached skill level 9 in Conjurations
  9280 | D:8      | Noticed Grum
  9288 | D:8      | Killed Grum
  9289 | D:8      | Reached skill level 10 in Conjurations
  9680 | D:3      | Bought a masterwork leather armour for 231 gold pieces
  9680 | D:3      | Identified the +0 leather armour "Bithy" {-Cast rElec rCorr
                  | Dex+5} (You bought it in a shop on level 3 of the Dungeon)
 10620 | D:7      | Killed Harold
 10621 | D:7      | Reached skill level 11 in Conjurations
 10621 | D:7      | Reached XP level 10. HP: 20/50 MP: 5/20
 11846 | D:8      | Noticed a two-headed ogre
 11858 | D:8      | Killed a two-headed ogre
 11859 | D:8      | Reached skill level 12 in Conjurations
 12166 | D:9      | Noticed Erolcha
 12172 | D:9      | Killed Erolcha
 12173 | D:9      | Reached skill level 13 in Conjurations
 13285 | D:9      | Found an opulent altar of Gozag.
 13285 | D:9      | Found a blossoming altar of Fedhas.
 13285 | D:9      | Found a shimmering altar of Xom.
 13330 | D:9      | Reached skill level 14 in Conjurations
 13742 | D:9      | Found an ancient bone altar of Kikubaaqudgha.
 13743 | D:9      | Found a shimmering blue altar of Sif Muna.
 14061 | D:9      | Reached XP level 11. HP: 47/54 MP: 5/21
 15153 | D:9      | Found a basalt altar of Yredelemnul.
 15479 | D:10     | Entered Level 10 of the Dungeon
 15586 | Temple   | Entered the Ecumenical Temple
 15661 | Temple   | Became a worshipper of Vehumet
 15804 | D:3      | Bought a glowing helmet for 247 gold pieces
 15951 | D:10     | Learned a level 7 spell: Orb of Destruction
 16023 | D:10     | Noticed Urug
 16052 | D:10     | Killed Urug
 16053 | D:10     | Reached skill level 15 in Conjurations
 16904 | D:10     | Found a staircase to the Lair.
 17134 | D:10     | Found a hide-covered altar of Uskayaw.
 17178 | D:10     | Noticed a two-headed ogre
 17190 | D:10     | Killed a two-headed ogre
 17465 | D:10     | Reached skill level 16 in Conjurations
 18022 | Lair:1   | Entered Level 1 of the Lair of Beasts
 18353 | Lair:1   | Noticed an oklob plant
 18382 | Lair:1   | Killed an oklob plant
 18503 | Lair:1   | Noticed an oklob plant
 18512 | Lair:1   | Killed an oklob plant
 18729 | Lair:1   | Noticed an oklob plant
 18739 | Lair:1   | Killed an oklob plant
 18740 | Lair:1   | Reached skill level 17 in Conjurations
 19112 | Lair:1   | Noticed an oklob plant
 19274 | Lair:1   | Killed an oklob plant
 19552 | Lair:1   | Reached XP level 12. HP: 49/59 MP: 22/22
 19555 | Lair:1   | Reached * piety under Vehumet
 19555 | Lair:1   | Offered knowledge of Sandblast by Vehumet.
 21647 | Lair:2   | Found a broken altar of Ashenzari.
 21746 | Lair:2   | Reached skill level 18 in Conjurations
 22154 | Lair:3   | Noticed a seven-headed hydra
 22158 | Lair:3   | Killed a seven-headed hydra
 22359 | Lair:3   | Learned a level 3 spell: Call Canine Familiar
 22739 | Lair:3   | Reached skill level 10 in Spellcasting
 22756 | Lair:3   | Noticed Rupert
 22772 | Lair:3   | Paralysed by Rupert for 5 turns
 23166 | Lair:2   | Killed Rupert
 23359 | Lair:3   | Slain by a blink frog

Illustrated notes

Levels and vault maps discovered:
D:1:      matt_arrival_los_fun, layout_loops_corners,
          hellmonk_ecumenical_altar_slurped_away, minivault_24,
          serial_bayou_pond_c
D:2:      layout_basic, minmay_box_of_dots
D:3:      layout_loops_ring, serial_shops, shop, shop
D:4:      layout_gridville, okawaru_altar_gauntlet_db,
          minmay_temple_entry_antechambers, kennysheep_doodads,
          kennysheep_nondescript, roderic_batcave
D:5:      layout_basic, nicolae_ossuary_entry_ruins
D:6:      layout_cave_pools
D:7:      layout_gridville, grunt_decor_one_mirror, kennysheep_generic_room_16,
          uniq_harold
D:8:      layout_loops_ring, minmay_misc_feat_tower, kennysheep_boxes, uniq_grum
D:9:      layout_loops_corners, kennysheep_little_box,
          gammafunk_temple_overflow_claw, jmf_multi_god_temple,
          minmay_diced_spiral, uniq_erolcha
D:10:     layout_gridville, nicolae_uskayaw_dance_hall, lair_entry_dummy,
          uniq_urug
D:11:     layout_basic, minmay_hollow_rounded_squares, uniq_maurice,
          uniq_nergalle
Temple:   eino_temple_water
Lair:1:   minmay_lair_oklob_tunnel, layout_big_grid, grunt_megastairs_4,
          serial_bayou_shore_a
Lair:2:   layout_gridlike, basic_altar
Lair:3:   layout_roguey, uniq_rupert

Skill      XL: |  1  2  3  4  5  6  7  8  9 10 11 12 |
---------------+-------------------------------------+-----
Spellcasting   | 4 5 11 | 11.9
Conjurations   | 5 7 11 14 17 18 | 18.0
Hexes          | 2 4 6 7 |  7.1
Translocations | 2 4 5 |  5.8
Fire Magic     | 1 |  1.9
Armour         | 3 4 |  4.0
Summonings     | 1 2 4 |  4.0
Dodging        | |  2.4
Stealth        | |  2.4

Action                   |  1- 3 |  4- 6 |  7- 9 | 10-12 || total
-------------------------+-------+-------+-------+-------++-------
Melee: Bardiche          |       |       |    15 |    13 ||    28
 Cast: Magic Dart        |    49 |    86 |    57 |    70 ||   262
       Searing Ray       |     1 |    10 |    61 |    32 ||   104
       Conjure Flame     |       |       |     5 |       ||     5
       Fulminant Prism   |       |       |     5 |    52 ||    57
       Iskenderun's Myst |       |       |     8 |    28 ||    36
       Summon Small Mamm |       |       |     3 |       ||     3
       Orb of Destructio |       |       |       |    33 ||    33
       Call Canine Famil |       |       |       |     1 ||     1
  Use: Scroll            |       |     4 |     6 |    12 ||    22
Armor: Robe              |       |     7 |     6 |       ||    13
       Leather armour    |       |       |       |     9 ||     9
Dodge: Dodged            |       |    27 |    31 |    47 ||   105
       Repelled          |       |       |     2 |       ||     2
Block: Other             |       |       |    24 |    20 ||    44
       Reflection        |       |       |     2 |     4 ||     6
